3AA
VIRGINIA BEACH DEUCES @ BILLINGS POLAR BEARS
07/16/2034
 
TOP OF THE 1ST
Virginia Beach Deuces batting - Pitching for Billings Polar Bears : RHP José Meza
Pitching: RHP José Meza
Batting: RHB Luis Díaz 0-0: Ball
1-0: Swinging Strike
1-1: Fly out, F7 (Flyball, 7D)
Batting: RHB Stephen McManus 0-0: Swinging Strike
0-1: Ball
1-1: Foul Ball, location: 2F
1-2: Ball
2-2: Fly out, F2 (Popup, 23F)
Batting: RHB Andrew Crosby 0-0: Ball
1-0: Ball
2-0: Ground out U3 (Groundball, 34S)
Top of the 1st over - 0 runs, 0 hits, 0 errors, 0 left on base; Virginia Beach 0 - Billings 0
BOTTOM OF THE 1ST
Billings Polar Bears batting - Pitching for Virginia Beach Deuces : RHP Tao Zhou
Pitching: RHP Tao Zhou
Batting: RHB Cody Jaeckel 0-0: Ball
1-0: Ball
2-0: Foul Ball, location: 2F
2-1: Foul Ball, location: 2F
2-2: Foul Ball, location: 2F
2-2: Foul Ball, location: 2F
2-2: SINGLE (Groundball, 56D)
Batting: LHB Phil MacNamara 0-0: Foul Ball, location: 2F
0-1: Swinging Strike
0-2: Foul Ball, location: 2F
0-2: Fly out, F8 (Line Drive, 8LD)
Batting: RHB Pedro Flores 0-0: Called Strike
Cody Jaeckel steals 2nd base
0-1: Called Strike
Cody Jaeckel is caught stealing 3rd base
0-2: Strikes out swinging
Bottom of the 1st over - 0 runs, 1 hit, 0 errors, 0 left on base; Virginia Beach 0 - Billings 0
TOP OF THE 2ND
Virginia Beach Deuces batting - Pitching for Billings Polar Bears : RHP José Meza
Batting: LHB Atílio Mansilhas 0-0: Ball
1-0: Called Strike
1-1: Ball
2-1: Swinging Strike
2-2: Foul Ball, location: 2F
2-2: Foul Ball, location: 2F
2-2: Ball
3-2: Base on Balls
Batting: RHB Paul Byrd 0-0: Ball
1-0: Ball
2-0: Fly out, F3 (Line Drive, 34)
Batting: SHB Iikka Karpinen 0-0: Ball
1-0: Ball
Atílio Mansilhas steals 2nd base
2-0: Called Strike
2-1: Foul Ball, location: 2F
2-2: Ball
3-2: Ground out 4-3 (Groundball, 34)
Atílio Mansilhas to third
Batting: RHB Richard Sonntag 0-0: Ball
1-0: Ball
2-0: Ball
3-0: Called Strike
3-1: Foul Ball, location: 2F
3-2: SINGLE (Line Drive, 8RS)
Atílio Mansilhas scores
Pitching: RHP Daniel Riley
Batting: RHB Ray Covalt 0-0: Called Strike
0-1: Foul Ball, location: 2F
0-2: Ball
1-2: Ball
2-2: Strikes out looking
Top of the 2nd over - 1 run, 1 hit, 0 errors, 1 left on base; Virginia Beach 1 - Billings 0
BOTTOM OF THE 2ND
Billings Polar Bears batting - Pitching for Virginia Beach Deuces : RHP Tao Zhou
Batting: RHB Patrick Pupovac 0-0: Ball
1-0: Ground out 3-1 (Groundball, 34D)
Batting: RHB Lynwood Dimartínez 0-0: Called Strike
0-1: Ball
1-1: Called Strike
1-2: Ball
2-2: Strikes out swinging
Batting: RHB Luis Pérez 0-0: Called Strike
0-1: Foul Ball, location: 2F
0-2: Foul Ball, location: 2F
0-2: Fly out, F7 (Flyball, 78D)
Bottom of the 2nd over - 0 runs, 0 hits, 0 errors, 0 left on base; Virginia Beach 1 - Billings 0
TOP OF THE 3RD
Virginia Beach Deuces batting - Pitching for Billings Polar Bears : RHP Daniel Riley
Batting: SHB Leo Szilard 0-0: Ball
1-0: Called Strike
1-1: Called Strike
1-2: SINGLE (Line Drive, 5S)
Batting: RHB Luis Díaz 0-0: Called Strike
0-1: Called Strike
0-2: Ball
Leo Szilard steals 2nd base
1-2: Ball
2-2: Fly out, F8 (Flyball, 8RXD)
Runner from 2nd tags up, SAFE at 3rd, no throw
Batting: RHB Stephen McManus 0-0: Ball
1-0: Ground out 6-3 (Groundball, 6)
Leo Szilard scores
Batting: RHB Andrew Crosby 0-0: Foul Ball, location: 2F
0-1: Ball
1-1: SINGLE (Line Drive, 9)
Batting: LHB Atílio Mansilhas 0-0: Swinging Strike
0-1: Ball
1-1: Called Strike
1-2: SINGLE (Groundball, 56D)
Andrew Crosby to second
Batting: RHB Paul Byrd 0-0: Called Strike
0-1: Fly out, F7 (Flyball, 7D)
Top of the 3rd over - 1 run, 3 hits, 0 errors, 2 left on base; Virginia Beach 2 - Billings 0
BOTTOM OF THE 3RD
Billings Polar Bears batting - Pitching for Virginia Beach Deuces : RHP Tao Zhou
Batting: RHB Corey Dudding 0-0: Ball
1-0: Foul Ball, location: 2F
1-1: SINGLE (Flyball, 78S)
Batting: SHB Goro Yokoyama 0-0: Fly out, F8 (Flyball, 8LD)
Batting: RHB Juan Ortíz 0-0: Swinging Strike
0-1: SINGLE (Flyball, 7LS)
Corey Dudding to second
Batting: RHB Cody Jaeckel 0-0: Ball
1-0: Swinging Strike
1-1: Fly out, F8 (Flyball, 8LXD)
Runner from 2nd tags up, SAFE at 3rd, no throw
Batting: LHB Phil MacNamara 0-0: SINGLE (Line Drive, 9S)
Corey Dudding scores
Juan Ortíz to second
Batting: RHB Pedro Flores 0-0: Ball
1-0: Ball
2-0: Foul Ball, location: 2F
2-1: Called Strike
2-2: SINGLE (Flyball, 78M)
Juan Ortíz to third
Phil MacNamara to second
Runner from 3rd tries for Home, SAFE, no throw
Batting: RHB Patrick Pupovac 0-0: Ball
1-0: Foul Ball, location: 2F
1-1: Ball
2-1: Fly out, F9 (Flyball, 9S)
Bottom of the 3rd over - 2 runs, 4 hits, 0 errors, 2 left on base; Virginia Beach 2 - Billings 2
TOP OF THE 4TH
Virginia Beach Deuces batting - Pitching for Billings Polar Bears : RHP Daniel Riley
Batting: SHB Iikka Karpinen 0-0: Foul Ball, location: 2F
0-1: Foul Ball, location: 2F
0-2: Strikes out swinging
Batting: RHB Richard Sonntag 0-0: Ball
1-0: Ball
2-0: Ground out 5-3 (Groundball, 56)
Batting: RHB Ray Covalt 0-0: Called Strike
0-1: Ball
1-1: SINGLE (Groundball, 56D)
Batting: SHB Leo Szilard 0-0: Called Strike
0-1: Foul Ball, location: 2F
0-2: Foul Ball, location: 2F
0-2: Fly out, F9 (Flyball, 89M)
Top of the 4th over - 0 runs, 1 hit, 0 errors, 1 left on base; Virginia Beach 2 - Billings 2
BOTTOM OF THE 4TH
Billings Polar Bears batting - Pitching for Virginia Beach Deuces : RHP Tao Zhou
Batting: RHB Lynwood Dimartínez 0-0: Ball
1-0: Ball
2-0: SINGLE (Line Drive, 7LS)
Batting: RHB Luis Pérez 0-0: Called Strike
Lynwood Dimartínez is caught stealing 2nd base
0-1: Fly out, F6 (Popup, 6M)
Batting: RHB Corey Dudding 0-0: Called Strike
0-1: Ball
1-1: Called Strike
1-2: Foul Ball, location: 2F
1-2: Strikes out looking
Bottom of the 4th over - 0 runs, 1 hit, 0 errors, 0 left on base; Virginia Beach 2 - Billings 2
TOP OF THE 5TH
Virginia Beach Deuces batting - Pitching for Billings Polar Bears : RHP Daniel Riley
Batting: RHB Luis Díaz 0-0: Called Strike
0-1: Ball
1-1: Foul Ball, location: 2F
1-2: Ball
2-2: Foul Ball, location: 2F
2-2: Ball
3-2: SINGLE (Flyball, 89M)
Batting: RHB Stephen McManus 0-0: Reached on error, E2 (Groundball, 2R)
Luis Díaz to third
Batting: RHB Andrew Crosby 0-0: Called Strike
0-1: Foul Ball, location: 2F
0-2: Fly out, F8 (Line Drive, 8RM)
Runner from 3rd tags up, SCORES, no throw
Batting: LHB Atílio Mansilhas 0-0: Called Strike
0-1: Ball
Stephen McManus steals 3rd base
1-1: Ball
2-1: Called Strike
2-2: SINGLE (Groundball, 34S) (infield hit)
Stephen McManus scores
Pitching: RHP Roberto Roque
Batting: RHB Paul Byrd 0-0: Ball
1-0: Called Strike
1-1: Ball
2-1: Ball
3-1: Fly out, F4 (Popup, 4M)
Batting: SHB Iikka Karpinen 0-0: Ball
1-0: Called Strike
1-1: Ball
Atílio Mansilhas is caught stealing 2nd base
Top of the 5th over - 2 runs, 2 hits, 1 error, 0 left on base; Virginia Beach 4 - Billings 2
BOTTOM OF THE 5TH
Billings Polar Bears batting - Pitching for Virginia Beach Deuces : RHP Tao Zhou
Batting: SHB Goro Yokoyama 0-0: Ball
1-0: Ball
2-0: Swinging Strike
2-1: Ball
3-1: Called Strike
3-2: Foul Ball, location: 2F
3-2: Foul Ball, location: 2F
3-2: Foul Ball, location: 2F
3-2: Foul Ball, location: 2F
3-2: SINGLE (Groundball, 4MD)
Batting: RHB Juan Ortíz 0-0: Called Strike
0-1: Swinging Strike
0-2: Foul Ball, location: 2F
0-2: Ball
1-2: Foul Ball, location: 2F
1-2: Fly out, F7 (Flyball, 7D)
Batting: RHB Cody Jaeckel 0-0: Ball
1-0: Ball
2-0: Called Strike
2-1: Fly out, F8 (Line Drive, 8LD)
Batting: LHB Phil MacNamara 0-0: Ground out U3 (Groundball, 34S)
Bottom of the 5th over - 0 runs, 1 hit, 0 errors, 1 left on base; Virginia Beach 4 - Billings 2
TOP OF THE 6TH
Virginia Beach Deuces batting - Pitching for Billings Polar Bears : RHP Roberto Roque
Batting: SHB Iikka Karpinen 0-0: Called Strike
0-1: Ball
1-1: Ball
2-1: Swinging Strike
2-2: Foul Ball, location: 2F
2-2: Ball
3-2: Foul Ball, location: 2F
3-2: Base on Balls
Batting: RHB Richard Sonntag 0-0: Called Strike
0-1: Ball
1-1: Ball
2-1: Foul Ball, location: 2F
2-2: Foul Ball, location: 2F
2-2: SINGLE (Line Drive, 9LS)
Iikka Karpinen to second
Iikka Karpinen to third
Batting: RHB Ray Covalt 0-0: Called Strike
0-1: Ball
1-1: Foul Ball, location: 2F
1-2: Ball
2-2: Ball
3-2: Ground out U3 (Groundball, 3S)
Iikka Karpinen scores
Richard Sonntag to second
Batting: SHB Leo Szilard 0-0: Ball
1-0: Ball
2-0: Ball
3-0: Called Strike
3-1: Base on Balls
Batting: RHB Luis Díaz 0-0: Ball
Wild Pitch!
Richard Sonntag to third
Leo Szilard to second
1-0: Called Strike
1-1: Foul Ball, location: 2F
1-2: Fly out, F8 (Flyball, 8RXD)
Runner from 3rd tags up, SCORES, no throw
Leo Szilard to third
Batting: RHB Stephen McManus 0-0: Foul Ball, location: 2F
0-1: Ball
1-1: Ball
2-1: Swinging Strike
2-2: Strikes out swinging
Top of the 6th over - 2 runs, 1 hit, 0 errors, 1 left on base; Virginia Beach 6 - Billings 2
BOTTOM OF THE 6TH
Billings Polar Bears batting - Pitching for Virginia Beach Deuces : RHP Tao Zhou
Batting: RHB Pedro Flores 0-0: Called Strike
0-1: Called Strike
0-2: Ball
1-2: Ball
2-2: Foul Ball, location: 2F
2-2: Foul Ball, location: 2F
2-2: Ball
3-2: Base on Balls
Batting: RHB Patrick Pupovac 0-0: SINGLE (Groundball, 6D)
Pedro Flores to second
Batting: RHB Lynwood Dimartínez 0-0: Hit by Pitch
Pedro Flores to third
Patrick Pupovac to second
Batting: RHB Luis Pérez 0-0: Ball
1-0: Ball
2-0: Foul Ball, location: 2F
2-1: Ball
3-1: Fly out, F8 (Flyball, 89D)
Runner from 3rd tags up, SCORES, throw made
Pitching: RHP Brian Snyder
Batting: RHB Corey Dudding 0-0: Ball
1-0: Foul Ball, location: 2F
1-1: Fielders Choice at 2nd, 1-6 (Groundball, 13S)
Patrick Pupovac to third
Batting: SHB Goro Yokoyama 0-0: SINGLE (Groundball, 34) (infield hit)
Patrick Pupovac scores
Corey Dudding to second
Batting: RHB Juan Ortíz 0-0: Fielders Choice at 2nd, 6-4 (Groundball, 6)
Bottom of the 6th over - 2 runs, 2 hits, 0 errors, 2 left on base; Virginia Beach 6 - Billings 4
TOP OF THE 7TH
Virginia Beach Deuces batting - Pitching for Billings Polar Bears : RHP Roberto Roque
Batting: RHB Andrew Crosby 0-0: Ball
1-0: Ball
2-0: Called Strike
2-1: Ball
3-1: Reached on error, E8 (Flyball, 8RM)
Batting: LHB Atílio Mansilhas 0-0: Called Strike
0-1: Ball
1-1: Ball
Andrew Crosby steals 2nd base
2-1: Swinging Strike
2-2: Ball
3-2: Base on Balls
Batting: RHB Paul Byrd 0-0: Ball
1-0: Fly out, F8 (Line Drive, 89D)
Runner from 2nd tags up, SAFE at 3rd, no throw
Batting: SHB Iikka Karpinen 0-0: Ball
Atílio Mansilhas is caught stealing 2nd base
1-0: Fly out, F8 (Line Drive, 8RM)
Top of the 7th over - 0 runs, 0 hits, 1 error, 1 left on base; Virginia Beach 6 - Billings 4
BOTTOM OF THE 7TH
Billings Polar Bears batting - Pitching for Virginia Beach Deuces : RHP Brian Snyder
Batting: RHB Cody Jaeckel 0-0: Called Strike
0-1: Ball
1-1: Ball
2-1: SINGLE (Line Drive, 6)
Batting: LHB Phil MacNamara 0-0: Ball
1-0: 2-RUN HOME RUN (Flyball, 9LD), Distance : 337 ft
Pitching: RHP Josh Terry
Batting: RHB Pedro Flores 0-0: Called Strike
0-1: Ground out 5-3 (Groundball, 56)
Batting: RHB Patrick Pupovac 0-0: Swinging Strike
0-1: Ball
1-1: Ball
2-1: Ball
3-1: Swinging Strike
3-2: Foul Ball, location: 2F
3-2: Foul Ball, location: 2F
3-2: Strikes out looking
Batting: RHB Lynwood Dimartínez 0-0: Foul Ball, location: 2F
0-1: Called Strike
0-2: Ball
1-2: Foul Ball, location: 2F
1-2: Foul Ball, location: 2F
1-2: Fly out, F4 (Flyball, 4MD)
Bottom of the 7th over - 2 runs, 2 hits, 0 errors, 0 left on base; Virginia Beach 6 - Billings 6
TOP OF THE 8TH
Virginia Beach Deuces batting - Pitching for Billings Polar Bears : RHP Roberto Roque
Batting: RHB Richard Sonntag 0-0: Called Strike
0-1: Ball
1-1: Called Strike
1-2: Ball
2-2: Ball
3-2: Strikes out swinging
Batting: RHB Ray Covalt 0-0: Ball
1-0: Foul Ball, location: 2F
1-1: Ball
2-1: Called Strike
2-2: Fly out, F6 (Popup, 6MD)
Pitching: RHP Salvador López
Batting: SHB Leo Szilard 0-0: Ball
1-0: Called Strike
1-1: Foul Ball, location: 2F
1-2: Strikes out swinging, 2-3 out at first.
Top of the 8th over - 0 runs, 0 hits, 0 errors, 0 left on base; Virginia Beach 6 - Billings 6
BOTTOM OF THE 8TH
Billings Polar Bears batting - Pitching for Virginia Beach Deuces : RHP Josh Terry
Batting: RHB Luis Pérez 0-0: Called Strike
0-1: Foul Ball, location: 2F
0-2: Strikes out swinging
Batting: RHB Corey Dudding 0-0: Ball
1-0: Ground out 1-3 (Groundball, 13)
Batting: SHB Goro Yokoyama 0-0: Foul Ball, location: 2F
0-1: DOUBLE (Line Drive, 7LM)
Batting: RHB Juan Ortíz 0-0: Called Strike
0-1: Ball
1-1: Called Strike
1-2: SINGLE (Groundball, 25) (infield hit)
Goro Yokoyama to third
Batting: RHB Cody Jaeckel 0-0: Called Strike
0-1: Fly out, F3 (Popup, 23)
Bottom of the 8th over - 0 runs, 2 hits, 0 errors, 2 left on base; Virginia Beach 6 - Billings 6
TOP OF THE 9TH
Virginia Beach Deuces batting - Pitching for Billings Polar Bears : RHP Salvador López
Batting: RHB Luis Díaz 0-0: Called Strike
0-1: Called Strike
0-2: Strikes out swinging
Batting: RHB Stephen McManus 0-0: Swinging Strike
0-1: Ball
1-1: SINGLE (Groundball, 34D)
Batting: RHB Andrew Crosby 0-0: Called Strike
0-1: Called Strike
Stephen McManus is caught stealing 2nd base
0-2: Ball
1-2: Strikes out swinging
Top of the 9th over - 0 runs, 1 hit, 0 errors, 0 left on base; Virginia Beach 6 - Billings 6
BOTTOM OF THE 9TH
Billings Polar Bears batting - Pitching for Virginia Beach Deuces : RHP Josh Terry
Batting: LHB Phil MacNamara 0-0: Swinging Strike
0-1: Called Strike
0-2: Ball
1-2: Strikes out looking
Batting: RHB Pedro Flores 0-0: Ball
1-0: Ball
2-0: Ground out 4-3 (Groundball, 4M)
Batting: RHB Patrick Pupovac 0-0: Called Strike
0-1: Swinging Strike
0-2: Ground out 6-3 (Groundball, 56)
Bottom of the 9th over - 0 runs, 0 hits, 0 errors, 0 left on base; Virginia Beach 6 - Billings 6
TOP OF THE 10TH
Virginia Beach Deuces batting - Pitching for Billings Polar Bears : RHP Salvador López
Batting: LHB Atílio Mansilhas 0-0: SINGLE (Flyball, 7S)
Batting: RHB Paul Byrd 0-0: Called Strike
0-1: Ball
1-1: Foul Ball, location: 2F
1-2: Fly out, F8 (Flyball, 8RM)
Batting: SHB Iikka Karpinen 0-0: Ball
1-0: Ball
2-0: DOUBLE (Flyball, 89D)
Atílio Mansilhas to third
Runner from 3rd tries for Home, SAFE, throw made at trailing runner, OUT at third!
Batting: RHB Richard Sonntag 0-0: Swinging Strike
0-1: Ball
1-1: Foul Ball, location: 2F
1-2: Foul Ball, location: 2F
1-2: Ball
2-2: Foul Ball, location: 2F
2-2: Ground out 6-3 (Groundball, 6)
Top of the 10th over - 1 run, 2 hits, 0 errors, 0 left on base; Virginia Beach 7 - Billings 6
BOTTOM OF THE 10TH
Billings Polar Bears batting - Pitching for Virginia Beach Deuces : RHP Josh Terry
Pitching: RHP Kenny Hannah
Now in RF: Alejandro Bracamonte
Batting: RHB Lynwood Dimartínez 0-0: Swinging Strike
0-1: Swinging Strike
0-2: Fly out, F7 (Flyball, 78XD)
Batting: RHB Luis Pérez 0-0: Foul Ball, location: 2F
0-1: SINGLE (Groundball, 6MD)
Batting: RHB Corey Dudding 0-0: Called Strike
0-1: Ball
1-1: Ball
2-1: Ball
3-1: Base on Balls
Luis Pérez to second
Batting: SHB Goro Yokoyama 0-0: Called Strike
Luis Pérez is caught stealing 3rd base
0-1: Ball
1-1: Foul Ball, location: 2F
1-2: Foul Ball, location: 2F
1-2: SINGLE (Groundball, 34D)
Corey Dudding to second
Runner from 2nd tries for 3rd, OUT!
Bottom of the 10th over - 0 runs, 2 hits, 0 errors, 1 left on base; Virginia Beach 7 - Billings 6
Friday, March 29th, 2019 - OOTP Baseball 18.8 Build 76